 Dungeon Crawl Stone Soup version 0.19.1 (webtiles) character file.

364 Jerry the Cutter (level 6, -7/32 HPs)
             Began as a Vine Stalker Fighter on Dec 25, 2016.
             Mangled by Prince Ribbit (11 damage)
             ... on level 5 of the Dungeon.
             The game lasted 00:07:25 (3472 turns).

Jerry the Cutter (Vine Stalker Fighter)             Turns: 3472, Time: 00:07:26

Health: -7/32      AC:  9    Str: 18    XL:     6   Next: 67%
Magic:  0/9        EV: 14    Int:  8    God:
Gold:   153        SH:  0    Dex: 21    Spells: 0 memorised, 5 levels left

rFire  . . .     SeeInvis .     a - +0 rapier
rCold  . . .     Gourm    .     b - +0 scale mail
rNeg   . . .     Faith    .     (no shield)
rPois  .         Spirit   +     (no helmet)
rElec  .         Reflect  .     (no cloak)
rCorr  .         Harm     .     x - +1 pair of gloves
MR     .....                    (no boots)
Stlth  +.........               o - amulet of rage
                                (no ring)
                                (no ring)

@: agile
A: fangs 2, regeneration 1, magic shield, antimagic bite, no device heal 3, rot
immunity
a: Evoke Berserk Rage


You were on level 5 of the Dungeon.
You were not hungry.

You visited 1 branch of the dungeon, and saw 5 of its levels.

You collected 153 gold pieces.

Inventory:

Hand Weapons
 a - a +0 rapier (weapon)
Armour
 b - a +0 scale mail (worn)
 c - a +0 shield
 x - a +1 pair of gloves (worn)
Jewellery
 o - an amulet of rage (around neck)
 s - an uncursed amulet of magic regeneration
Wands
 k - a wand of iceblast (6/15)
Scrolls
 g - a scroll of blinking
 r - 2 scrolls of remove curse
 t - 2 scrolls of teleportation {unknown}
 v - a scroll of recharging {unknown}
Potions
 d - 2 potions of might
 e - 3 potions of lignification
 l - a potion of flight
 n - a potion of curing {unknown}
 p - a potion of brilliance {unknown}
 u - a potion of ambrosia {unknown}
Comestibles
 f - a bread ration
 i - 3 fruits
 j - a slice of pizza
 m - a meat ration
 q - 2 beef jerkies
 w - 5 chunks of flesh


   Skills:
 - Level 2.6 Fighting
 + Level 4.1 Short Blades
 + Level 4.0 Armour
 - Level 2.6 Shields
 + Level 2.7 Evocations


You had 5 spell levels left.
You didn't know any spells.

Dungeon Overview and Level Annotations

Branches:
Dungeon (5/15)
 Temple: D:4-7

Altars:
Cheibriados
Fedhas
Gozag
Qazlal
The Shining One

Annotations:
D:5 Prince Ribbit


Innate Abilities, Weirdness & Mutations

You have extremely sharp teeth.
Your natural rate of healing is unusually fast.
When hurt, damage is shared between your health and your magic reserves.
Your bite disrupts and absorbs the magic of your enemies.
Potions and wands cannot restore your health.
You are immune to rotting.


Message History

You completely miss Prince Ribbit.
You bite Prince Ribbit, but do no damage.
Prince Ribbit is lightly wounded.
Prince Ribbit hits you but does no damage.
You completely miss Prince Ribbit. Your bite misses Prince Ribbit.
Prince Ribbit is lightly wounded.
Prince Ribbit hits you.
You closely miss Prince Ribbit. Your bite misses Prince Ribbit.
Prince Ribbit is lightly wounded.
You hear the slow hiss of a very distant avalanche of sand.
Prince Ribbit barely misses you. Prince Ribbit hits you!
You puncture Prince Ribbit!
Prince Ribbit is moderately wounded.
Prince Ribbit hits you!
* * * LOW HITPOINT WARNING * * *
You are too injured to fight recklessly!
Unknown command.
You feel agile all of a sudden. Prince Ribbit hits you!
You die...

...##...# ##.......#
#.......## ##........###
#...........#
##.<.........
##.).(......#.....
##..............)..
##.....@....#.._..._
#......F....#.........#
.............#._F.⌠.._.#
#.............#..?......#
#.............#........#
#.................._...
......####....#.....#
...### ###.......#####
..# ##...<.......


You could see Prince Ribbit.

Vanquished Creatures
  A centaur (D:5)
  A crimson imp (D:5)
  A hound (D:4)
  Jessica (D:3)
  Ijyb (D:2)
  9 adders
  A gnoll (D:1)
  3 worms
  A dart slug (D:1)
  3 leopard geckos
  5 orcs
  5 bats
  4 giant cockroaches (D:1)
  10 goblins
  6 hobgoblins
  3 jackals (D:3)
  3 kobolds
  A quokka (D:2)
  4 frilled lizards
63 creatures vanquished.

Notes
Turn   | Place    | Note
-------+----------+-------------------------------------------
     0 | D:1      | Jerry the Vine Stalker Fighter began the quest for the Orb.
     0 | D:1      | Reached XP level 1. HP: 11/11 MP: 2/2
   170 | D:1      | Reached XP level 2. HP: 14/16 MP: 3/3
   383 | D:1      | Reached XP level 3. HP: 14/19 MP: 2/4
  1512 | D:2      | Gained mutation: Your natural rate of healing is unusually fast. [Vine Stalker growth]
  1512 | D:2      | Reached XP level 4. HP: 20/23 MP: 5/5
  1576 | D:2      | Noticed Ijyb
  1586 | D:2      | Killed Ijyb
  1586 | D:2      | Reached skill level 1 in Evocations
  1990 | D:2      | Reached XP level 5. HP: 27/27 MP: 5/7
  2221 | D:3      | Noticed Jessica
  2225 | D:3      | Killed Jessica
  2760 | D:4      | Reached XP level 6. HP: 22/32 MP: 6/8
  3150 | D:4      | Noticed a black bear
  3150 | D:4      | Noticed a phantom
  3354 | D:5      | Entered Level 5 of the Dungeon
  3354 | D:5      | Found a stormy altar of Qazlal.
  3354 | D:5      | Found a snail-covered altar of Cheibriados.
  3354 | D:5      | Found a glowing golden altar of the Shining One.
  3451 | D:5      | Found an opulent altar of Gozag.
  3451 | D:5      | Found a blossoming altar of Fedhas.
  3451 | D:5      | Noticed Prince Ribbit
  3472 | D:5      | Mangled by Prince Ribbit

Skill      XL: |  1  2  3  4  5  6 |
---------------+-------------------+-----
Short Blades   | 2 3 4 |  4.1
Armour         | 3 4 |  4.0
Evocations     | 1 2 |  2.7
Fighting       | |  2.6
Shields        | |  2.6

Action                   |  1- 3 |  4- 6 || total
-------------------------+-------+-------++-------
Melee: Rapier            |    86 |   145 ||   231
       Bite              |    18 |    41 ||    59
 Abil: Evoke Berserk Rag |       |     1 ||     1
  Use: Scroll            |     1 |     7 ||     8
       Potion            |       |     1 ||     1
  Eat: Chunk             |     2 |     7 ||     9
Armor: Scale mail        |    31 |    77 ||   108
Dodge: Dodged            |    34 |    64 ||    98
